Map: New Gettysburg LE

Players

CANONBALL - Winner!

  • Race: Protoss Protoss

Nickos

  • Race: Terran Terran
  • League: Gold

VOD

Have the link to the VOD?

Description

Time

  • Played on: Sept. 25, 2016, 12:35 a.m.
  • Length: 17:36
Show
View Real Time Build Order
Export as new Build Order

CANONBALL Protoss - Winner!

Build Orders: 1 Gate Expand, Oracle Opening 

Get SALT Encoding   

  12  0:02  Probe (Chrono Boost)  
  13  0:12  Probe (Chrono Boost)  
  14  0:21  Pylon  
  14  0:23  Probe (Chrono Boost)  
  15  0:39  Probe (Chrono Boost)  
  15  0:42  Gateway  
  16  0:43  Assimilator  
  17  0:50  Probe (Chrono Boost)  
  17  1:00  Probe (Chrono Boost)  
  18  1:11  Probe (Chrono Boost)  
  19  1:23  Nexus  
  19  1:33  Cybernetics Core  
  19  1:35  Probe (Chrono Boost)  
  20  1:42  Assimilator  
  20  1:52  Pylon  
  21  1:54  Probe (Chrono Boost)  
  21  2:05  Probe (Chrono Boost)  
  22  2:12  Stargate  
  22  2:25  Mothership Core (Chrono Boost)  
  22  2:27  Adept  
  26  2:40  Warp Gate  
  26  2:44  Probe (Chrono Boost)  
  27  2:54  Probe (Chrono Boost)  
  28  3:04  Oracle  
  31  3:13  Probe (Chrono Boost)  
  31  3:14  Probe (Chrono Boost)  
  31  3:15  Pylon  
  33  3:41  Oracle  
  36  4:14  Nexus  
  36  4:17  Probe (Chrono Boost), Pylon  
  36  4:20  Pylon  
  36  4:22  Pylon  
  35  4:49  Probe x2 (Chrono Boost)  
  37  4:56  Pylon  
  37  4:59  Probe x2 (Chrono Boost)  
  39  5:10  Probe x2 (Chrono Boost)  
  41  5:20  Probe x2 (Chrono Boost)  
  43  5:29  Assimilator  
  43  5:31  Probe x2 (Chrono Boost), Assimilator  
  43  5:32  Probe (Chrono Boost)  
  43  5:34  Gateway  
  46  5:36  Gateway, Nexus  
  46  5:37  Pylon  
  46  5:41  Probe x2 (Chrono Boost)  
  48  5:43  Probe (Chrono Boost)  
  49  5:52  Probe x2 (Chrono Boost)  
  49  5:53  Probe (Chrono Boost)  
  52  6:10  Twilight Council  
  52  6:12  Gateway x2  
  52  6:16  Gateway  
  52  6:21  Gateway  
  52  6:22  Pylon  
  52  6:23  Gateway  
  52  6:24  Pylon  
  52  6:26  Assimilator  
  52  6:27  Assimilator  
  52  6:28  Probe x2 (Chrono Boost)  
  52  6:29  Probe (Chrono Boost)  
  55  6:46  Probe x2 (Chrono Boost)  
  57  6:47  Adept x2  
  57  6:48  Adept  
  57  6:50  Probe x2 (Chrono Boost)  
  65  6:58  Forge  
  65  7:00  Probe x2 (Chrono Boost)  
  67  7:17  Protoss Ground Weapons Level 1  
  67  7:27  Probe x2 (Chrono Boost)  
  67  7:28  Probe (Chrono Boost)  
  67  7:37  Resonating Glaives  
  67  7:45  Nexus  
  67  7:46  Pylon  
  67  7:48  Robotics Facility  
  67  7:50  Pylon  
  67  7:52  Pylon  
  67  7:55  Probe (Chrono Boost)  
  67  7:56  Probe x2 (Chrono Boost)  
  67  7:57  Probe (Chrono Boost)  
  71  8:04  Assimilator  
  71  8:06  Probe (Chrono Boost), Assimilator  
  71  8:09  Probe x2 (Chrono Boost)  
  71  8:10  Probe (Chrono Boost)  
  75  8:17  Probe (Chrono Boost)  
  75  8:19  Probe x2 (Chrono Boost)  
  78  8:24  Pylon  
  77  8:37  Warp Prism  
  77  8:38  Adept x5  
  77  8:39  Adept x3  
  92  8:54  Phoenix  
  93  9:19  Phoenix  
  95  9:37  Adept x2  
  95  9:38  Adept x5  
  105  9:39  Adept  
  105  10:03  Adept x4  
  105  10:04  Adept x2  
  68  10:21  Adept x4  
  68  10:22  Adept x2  
  69  10:34  Adept  
  59  10:44  Probe (Chrono Boost)  
  55  10:56  Probe (Chrono Boost)  
  56  11:08  Adept x2  
  56  11:09  Adept x3  
  66  11:16  Pylon  
  62  11:40  Pylon  
  62  11:42  Pylon  
  60  11:50  Templar Archives  
  58  11:54  Gateway  
  58  11:57  Gateway  
  58  11:58  Gateway, Pylon  
  58  12:02  Sentry  
  58  12:03  Gateway  
  58  12:04  Zealot x2  
  58  12:06  Gateway, Adept x3  
  58  12:07  Gateway  
  70  12:12  Gateway  
  70  12:17  Pylon  
  70  12:18  Pylon  
  62  12:25  Adept x2  
  62  12:26  Adept x2  
  62  12:27  Adept x2  
  64  12:43  Gateway  
  48  12:52  Gateway x2  
  48  12:54  Adept  
  48  12:55  Adept x3  
  48  12:57  Adept  
  46  13:05  Probe (Chrono Boost)  
  36  13:15  Probe (Chrono Boost)  
  36  13:17  Gateway  
  36  13:18  Gateway  
  36  13:19  Gateway  
  36  13:20  Gateway  
  36  13:21  Gateway  
  36  13:24  Gateway  
  36  13:25  Gateway  
  36  13:26  Probe (Chrono Boost)  
  36  13:31  Cybernetics Core  
  36  13:33  Templar Archives  
  36  13:36  Probe (Chrono Boost), Dark Shrine  
  36  13:38  Assimilator, Pylon  
  36  13:41  Pylon  
  37  13:43  Assimilator  
  37  13:59  Pylon  
  37  14:01  Probe (Chrono Boost)  
  38  14:04  Pylon  
  38  14:08  Adept x3, Pylon  
  44  14:11  Probe (Chrono Boost)  
  39  14:20  Adept x2  
  39  14:21  Adept x5  
  39  14:22  Adept  
  54  14:29  Stalker  
  54  14:30  Stalker x5  
  66  14:43  Probe (Chrono Boost)  
  67  14:55  Probe (Chrono Boost), Adept x6  
  67  14:56  Adept x2  
  67  14:57  Stalker x4  
  67  14:58  Stalker x2  
  67  14:59  Stalker  
  99  15:07  Probe (Chrono Boost)  
  57  16:30  Dark Templar x2  
  57  16:31  Dark Templar  
  57  16:32  Adept x4  
  63  16:33  Adept x5  
  63  16:34  Adept x6  
Show
View Real Time Build Order
Export as new Build Order

Nickos Terran 

Build Orders:  

Get SALT Encoding   

  12  0:00  SCV  
  13  0:13  SCV  
  14  0:19  Supply Depot  
  14  0:25  SCV  
  15  0:40  SCV  
  15  0:41  Barracks  
  16  0:52  SCV  
  17  1:04  SCV  
  18  1:17  SCV  
  19  1:22  Command Center  
  19  1:30  Orbital Command  
  19  1:33  Marine  
  20  1:47  Barracks  
  20  1:53  Marine  
  21  1:58  SCV  
  22  2:06  Supply Depot  
  22  2:10  SCV  
  23  2:27  SCV, Marine  
  25  2:35  Barracks  
  25  2:37  Bunker  
  25  2:38  Refinery  
  25  2:39  Refinery, SCV  
  25  2:43  Orbital Command  
  26  2:45  Marine  
  27  2:54  SCV  
  27  2:55  Marine  
  29  3:03  Marine  
  30  3:06  SCV  
  31  3:13  Marine  
  31  3:15  SCV  
  33  3:21  Marine  
  33  3:25  Barracks Tech Lab  
  35  3:27  SCV x2  
  36  3:39  SCV x2  
  38  3:44  Barracks Reactor  
  40  3:48  Marauder  
  40  3:50  Barracks Reactor  
  40  3:51  SCV  
  40  3:52  SCV  
  42  4:01  Stimpack  
  40  4:03  SCV  
  41  4:12  SCV  
  41  4:15  SCV  
  43  4:18  Marauder  
  45  4:24  SCV  
  45  4:25  Factory  
  46  4:37  Marine  
  46  4:38  Marine  
  46  4:40  Marine  
  46  4:41  Marine x2  
  36  4:55  Marine x2  
  36  4:58  Marine  
  24  5:13  SCV x2  
  22  5:25  SCV x2, Marine x5  
  29  5:37  Engineering Bay, SCV  
  29  5:38  SCV  
  31  5:42  Marine  
  31  5:43  Marine  
  31  5:47  Marine x2  
  31  5:49  SCV  
  36  5:50  SCV  
  37  6:02  Marauder, SCV x2  
  37  6:03  Terran Infantry Weapons Level 1  
  41  6:04  Marine x2  
  41  6:05  Factory Reactor, Marine  
  41  6:08  Starport  
  44  6:14  SCV x2  
  44  6:16  Marine  
  46  6:40  Missile Turret  
  46  7:04  Bunker  
  46  7:08  Supply Depot x2  
  46  7:13  Liberator  
  46  7:17  Liberator  
  46  7:22  Marine  
  46  7:24  SCV  
  46  7:29  Widow Mine  
  46  7:30  SCV, Marine x4  
  46  7:32  Supply Depot  
  46  7:36  SCV  
  60  7:40  Marine  
  60  7:42  SCV  
  62  7:47  Missile Turret  
  62  7:54  SCV x2, Marine x4  
  62  7:55  Supply Depot  
  68  8:01  Missile Turret  
  68  8:02  Refinery  
  68  8:05  Command Center  
  68  8:07  Terran Infantry Armor Level 1  
  68  8:08  Marine  
  69  8:17  Marauder  
  69  8:19  Marine x3  
  74  8:26  SCV  
  76  8:27  SCV  
  76  8:28  Medivac  
  78  9:07  SCV x2, Marine  
  78  9:12  Marine  
  78  9:16  Medivac, Marine x3  
  83  9:25  Marine  
  83  9:27  SCV  
  83  9:28  Armory, SCV  
  83  9:29  Orbital Command, Barracks  
  83  9:30  Marine  
  86  9:34  Marine x2  
  81  9:44  Missile Turret  
  81  9:45  Supply Depot  
  81  9:46  Marine x2  
  81  9:47  Marine  
  81  9:52  Marine  
  85  9:58  Marine  
  86  10:04  Marine x2  
  86  10:05  Marine  
  85  10:10  Marine  
  79  10:16  Marine  
  72  10:22  Marine x2  
  72  10:23  Marine  
  72  10:28  Marine  
  74  10:32  Orbital Command  
  74  10:34  Marine  
  74  10:35  Medivac  
  69  10:39  Marine  
  69  10:40  Marine  
  69  10:41  Marine  
  70  10:45  Marine  
  66  10:52  Marine  
  64  10:57  Marine  
  64  10:58  Marine  
  64  10:59  Marine  
  64  11:03  Marine  
  68  11:09  Marine  
  69  11:15  Marine x2  
  69  11:16  Marine  
  72  11:21  Marine  
  72  11:27  Marine  
  72  11:33  Marine x2  
  72  11:34  Marine  
  72  11:39  Marine  
  74  11:45  Marine  
  71  11:51  Marine  
  71  11:52  Marine x2  
  74  11:57  Marine  
  75  12:03  Marine  
  76  12:09  Marine  
  76  12:10  Marine x2  
  75  12:23  Marine x2  
  75  12:26  Marine  
  71  12:42  SCV  
  62  12:46  Orbital Command  
  62  12:58  Marine x2  
  63  13:16  Marine  
  63  13:17  Marine x2  
  66  13:26  Marine x2  
  68  13:34  Marine x2  
  70  13:44  Marine x2  
  72  13:53  Marine  
  73  13:56  Marine  
  74  14:16  Marine x2  
  69  14:43  Marine x2  
  71  15:27  Marine x3  
  56  15:36  Orbital Command  
  56  15:39  Marine x2  
  46  15:45  Medivac x2, Marine x3  
  52  15:50  SCV x2  
  54  15:57  Marine x2  
  54  16:16  Marine  
  54  16:17  Marine x2  
  50  16:27  SCV x2  
Tags
 
Add a new tag
Caveats
  • Supply blocks, unpowered buildings, or Contaminate may cause inaccurate times.
  • Supply counts are checked every 10 seconds.